Map: Dusk Towers

Players

StarTale

  • Race: Zerg Zerg
  • League: Master

Nathanias - Winner!

  • Race: Terran Terran
  • League: Grandmaster

VOD

Have the link to the VOD?

Description

Time

  • Played on: May 2, 2016, 11:03 p.m.
  • Length: 13:46
Show
View Real Time Build Order
Export as new Build Order

StarTale Zerg 

Build Orders: Hatch First, Muta Ling Bane 

Get SALT Encoding   

  12  0:01  Drone  
  13  0:12  Overlord  
  13  0:17  Drone  
  14  0:31  Drone x2  
  14  0:34  Drone  
  17  0:54  Hatchery  
  17  0:56  Drone  
  17  0:57  Drone  
  18  1:10  Extractor  
  17  1:12  Spawning Pool  
  17  1:15  Drone  
  17  1:18  Drone  
  18  1:28  Drone  
  19  1:39  Overlord  
  19  1:51  Drone  
  20  2:05  Queen x2  
  20  2:06  Zergling x4  
  26  2:11  Drone  
  26  2:13  Metabolic Boost  
  27  2:17  Drone  
  27  2:22  Drone  
  29  2:30  Spore Crawler  
  29  2:31  Drone  
  29  2:34  Drone  
  31  2:41  Drone  
  32  2:51  Hatchery, Drone x2  
  32  2:58  Drone  
  32  3:00  Drone  
  32  3:05  Overlord  
  34  3:10  Pneumatized Carapace  
  34  3:11  Queen  
  36  3:19  Overlord  
  36  3:23  Drone  
  36  3:24  Drone  
  36  3:25  Drone  
  36  3:26  Drone x2  
  41  3:28  Drone  
  41  3:30  Drone  
  41  3:33  Overlord  
  43  3:44  Drone  
  43  3:46  Spine Crawler  
  43  3:47  Baneling Nest  
  42  3:49  Queen  
  42  3:51  Drone  
  42  3:52  Drone  
  46  4:00  Zergling x8  
  50  4:14  Drone  
  50  4:15  Drone x7  
  57  4:24  Lair  
  57  4:26  Spore Crawler  
  57  4:28  Spore Crawler  
  55  4:33  Overlord x2  
  55  4:34  Drone x2  
  57  4:39  Spore Crawler  
  57  4:40  Drone  
  57  4:45  Overlord x3  
  55  4:55  Zergling x8  
  54  5:05  Zergling x6  
  53  5:17  Drone x4  
  53  5:18  Drone x3  
  58  5:25  Queen  
  58  5:27  Drone  
  58  5:28  Drone x2  
  63  5:31  Drone x2  
  65  5:38  Spire  
  63  5:46  Drone  
  63  5:47  Extractor, Drone x3  
  66  5:52  Drone x3  
  70  5:57  Extractor x2, Drone x5  
  70  5:58  Spore Crawler  
  70  6:00  Extractor  
  70  6:01  Extractor, Drone x2  
  68  6:16  Overlord x2  
  64  6:26  Queen x2  
  64  6:29  Drone  
  64  6:30  Drone x4  
  73  6:37  Drone  
  73  6:38  Drone x3  
  70  6:51  Mutalisk  
  70  6:53  Mutalisk  
  66  7:02  Drone x6  
  66  7:03  Queen  
  66  7:07  Mutalisk  
  73  7:15  Drone x2  
  73  7:31  Drone  
  73  7:32  Drone x3  
  77  7:44  Corruptor x3  
  82  7:52  Corruptor  
  82  7:59  Corruptor  
  83  8:13  Corruptor  
  83  8:19  Drone  
  87  8:20  Drone x3  
  87  8:22  Overlord x3  
  89  8:30  Centrifical Hooks  
  89  8:37  Evolution Chamber  
  89  8:38  Evolution Chamber  
  89  8:40  Drone x10  
  97  8:42  Drone  
  97  9:05  Zerg Melee Weapons Level 1, Zerg Ground Armor Level 1  
  97  9:10  Zergling x2  
  97  9:11  Zergling x20  
  97  9:14  Hatchery  
  107  9:27  Zergling x12  
  107  9:29  Overlord  
  107  9:31  Overlord x2  
  113  9:33  Overlord x2  
  113  9:34  Overlord  
  113  9:39  Hatchery  
  112  9:48  Overlord  
  111  9:59  Mutalisk  
  111  10:00  Mutalisk x7  
  126  10:07  Mutalisk x2  
  126  10:08  Mutalisk x2  
  133  10:18  Baneling x12  
  133  10:19  Baneling x6  
  128  10:37  Drone x9  
  128  10:38  Drone x6  
  143  10:46  Zergling x8  
  143  10:49  Zergling x2  
  148  10:52  Queen  
  150  10:57  Extractor x2  
  150  10:59  Spine Crawler  
  150  11:02  Spine Crawler  
  146  11:05  Infestation Pit  
  146  11:06  Zerg Flyer Armor Level 1  
  146  11:10  Corruptor x3  
  151  11:16  Spore Crawler  
  150  11:23  Corruptor  
  150  11:24  Corruptor x2  
  156  11:32  Overlord x2  
  156  11:33  Overlord x2  
  150  11:42  Corruptor  
  150  11:43  Corruptor x3  
  158  11:48  Overlord x2  
  156  12:15  Overlord x3  
  134  12:16  Overlord x6  
  126  12:30  Overlord x3  
  126  12:34  Corruptor  
  126  12:35  Corruptor x7  
  142  12:42  Corruptor  
  142  12:43  Corruptor  
  134  12:53  Zergling x2  
  134  12:54  Zergling x22  
Show
View Real Time Build Order
Export as new Build Order

Nathanias Terran - Winner!

Build Orders: Reaper Expand, MMM Bio 

Get SALT Encoding   

  12  0:00  SCV  
  13  0:12  SCV  
  14  0:17  Supply Depot  
  14  0:24  SCV  
  15  0:39  SCV  
  15  0:40  Barracks  
  16  0:44  Refinery  
  16  0:51  SCV  
  17  1:03  SCV  
  18  1:15  SCV  
  19  1:27  Reaper  
  19  1:28  Orbital Command  
  20  1:42  Command Center  
  20  1:50  Supply Depot  
  20  1:53  SCV  
  21  1:59  Marine  
  22  2:05  SCV  
  23  2:13  Factory  
  23  2:17  SCV  
  24  2:25  Barracks Reactor  
  24  2:26  Refinery  
  24  2:29  SCV  
  25  2:41  SCV  
  25  2:53  SCV  
  25  2:55  Orbital Command  
  26  3:00  Starport  
  26  3:05  SCV  
  26  3:09  Refinery  
  26  3:11  Hellion x2, Barracks Tech Lab  
  31  3:18  SCV  
  32  3:21  Supply Depot, SCV  
  33  3:30  SCV  
  33  3:33  SCV  
  35  3:36  Hellion x2  
  39  3:42  Fusion Core, SCV  
  39  3:45  Viking  
  39  3:46  SCV  
  39  3:47  Barracks Tech Lab  
  43  3:52  Supply Depot  
  43  3:54  SCV  
  44  3:58  SCV  
  49  4:02  Hellion  
  49  4:03  Hellion  
  49  4:05  Liberator  
  49  4:06  SCV  
  50  4:11  SCV  
  51  4:18  SCV  
  51  4:23  Supply Depot, SCV  
  56  4:30  SCV  
  57  4:34  Marine x2  
  57  4:36  Advanced Ballistics, SCV  
  60  4:41  Supply Depot, Siege Tank  
  60  4:42  SCV  
  64  4:50  SCV  
  64  4:52  Marine x2  
  67  4:55  SCV  
  68  5:02  Liberator  
  68  5:04  SCV  
  63  5:09  Marine x2  
  63  5:13  Siege Tank  
  66  5:21  SCV  
  66  5:25  SCV  
  67  5:28  Refinery, Marine x2  
  67  5:30  Command Center  
  67  5:33  SCV  
  70  5:37  SCV  
  70  5:42  Barracks  
  71  5:44  Barracks  
  71  5:45  SCV  
  71  5:49  SCV  
  73  5:53  Siege Tank  
  78  5:57  SCV  
  78  6:01  Liberator x2, SCV  
  78  6:09  Barracks, SCV  
  78  6:10  Barracks, Supply Depot  
  79  6:12  Engineering Bay  
  79  6:13  Engineering Bay  
  80  6:22  SCV  
  80  6:24  Armory  
  86  6:44  Stimpack  
  86  6:45  Orbital Command, Barracks Reactor x2  
  86  6:46  Terran Infantry Weapons Level 1  
  86  6:47  Terran Infantry Armor Level 1  
  86  6:51  Missile Turret x3, SCV  
  87  6:56  Missile Turret  
  87  6:58  Barracks Reactor x2  
  87  7:04  Missile Turret  
  87  7:05  Liberator  
  87  7:07  Marine  
  88  7:10  SCV  
  88  7:11  SCV  
  88  7:14  Orbital Command  
  90  7:25  Marine  
  90  7:26  Missile Turret  
  91  7:30  Liberator  
  91  7:31  Terran Ship Weapons Level 1  
  91  7:32  SCV x2  
  91  7:33  Missile Turret  
  91  7:34  Marine x5  
  91  7:35  Marine x3  
  101  7:41  SCV  
  102  7:44  SCV x2  
  107  7:55  SCV  
  108  8:02  Starport  
  108  8:03  Starport, Missile Turret, SCV  
  108  8:05  Bunker x2  
  109  8:06  Bunker  
  109  8:14  Supply Depot, Liberator  
  109  8:15  Refinery  
  109  8:16  Supply Depot, Refinery  
  109  8:17  Supply Depot  
  109  8:18  Liberator, Missile Turret  
  109  8:21  SCV x2  
  109  8:23  Marine x8  
  109  8:24  Marine  
  120  8:28  SCV  
  124  8:36  Supply Depot  
  124  8:37  Supply Depot, Missile Turret  
  124  8:38  Missile Turret x2  
  124  8:41  Marine  
  127  8:43  Marine x8  
  127  8:44  Terran Infantry Weapons Level 2  
  136  8:50  Starport Reactor  
  136  8:51  Starport Reactor  
  136  8:55  Terran Infantry Armor Level 2  
  136  9:01  Combat Shields, Marine  
  137  9:04  Marine x5  
  137  9:05  Marine  
  137  9:06  Missile Turret  
  143  9:12  Marine x2  
  143  9:16  Supply Depot  
  145  9:22  Marine  
  145  9:23  Marine x2  
  148  9:32  Liberator x3  
  148  9:33  Terran Ship Weapons Level 2, Command Center  
  148  9:46  Liberator x2  
  148  9:47  Marine x5  
  162  10:01  Marine x4  
  162  10:05  Marine  
  173  10:07  Supply Depot  
  168  10:18  Liberator x3  
  168  10:20  Marine x4  
  172  10:23  Marine x4  
  172  10:24  Liberator, Marine  
  166  10:33  Command Center  
  178  10:44  Supply Depot  
  178  10:49  Missile Turret  
  178  10:50  Marine  
  178  10:51  Marine x6  
  178  10:52  Marauder  
  187  10:58  Liberator x2  
  187  11:02  Refinery  
  187  11:04  Bunker x2, Refinery  
  187  11:05  Bunker, Missile Turret  
  187  11:15  Marine  
  187  11:16  Marine x5  
  199  11:21  Planetary Fortress  
  199  12:00  Marine  
  194  12:36  Marine  
  194  12:37  Marine x5  
  195  12:42  Orbital Command  
  200  12:46  Command Center  
  166  13:04  Marine x2  
  166  13:05  Marine x7  
Tags
 
Add a new tag
Caveats
  • Supply blocks, unpowered buildings, or Contaminate may cause inaccurate times.
  • Supply counts are checked every 10 seconds.